 Dungeon Crawl Stone Soup version 0.29.1-2-gbd0b4ee654 (webtiles) character file.

Game seed: 16542979242022476468

114 Descartes the Shield-Bearer (level 5, -1/41 HPs)
             Began as a Formicid Fighter on Nov 29, 2022.
             Slain by a gnoll
             ... wielding a +0 club
              (5 damage)
             ... on level 2 of the Dungeon.
             The game lasted 00:02:08 (1900 turns).

Descartes the Shield-Bearer (Formicid Fighter)      Turns: 1900, Time: 00:02:09

Health: -1/41      AC:  7    Str: 23    XL:     5   Next: 18%
Magic:  5/5        EV:  9    Int: 13    God:
Gold:   38         SH:  6    Dex: 19    Spells: 4/4 levels left

rFire   . . .      SeeInvis +   a - +0 war axe
rCold   . . .      Faith    .   c - +0 buckler
rNeg    . . .      Spirit   .   b - +0 scale mail
rPois   .          Reflect  .   (helmet unavailable)
rElec   .          Harm     .   (no cloak)
rCorr   .          Rampage  .   (no gloves)
Will    .....                   (no boots)
Stlth   ..........              l - amulet of magic regeneration
HPRegen 0.13/turn               e - +6 ring of dexterity
MPRegen 0.49/turn               j - +6 ring of intelligence

@: no status effects
A: permanent stasis, dig shafts and tunnels, antennae 3, four strong arms
a: Dig, Shaft Self


You were on level 2 of the Dungeon.
You visited 1 branch of the dungeon, and saw 2 of its levels.

You collected 38 gold pieces.

Inventory:

Hand Weapons
 a - a +0 war axe (weapon)
Missiles
 h - 5 datura-tipped darts
Armour
 b - a +0 scale mail (worn)
 c - a +0 buckler (worn)
Jewellery
 e - a +6 ring of dexterity (left hand)
 j - a +6 ring of intelligence (right hand)
 l - an amulet of magic regeneration (around neck)
Scrolls
 f - a scroll of amnesia {unknown}
 g - a scroll of blinking {unknown}
 k - a scroll of brand weapon {unknown}
Potions
 d - a potion of might
 i - a potion of invisibility {unknown}


   Skills:
 - Level 3.2 Fighting
 + Level 2.9 Axes
 + Level 4.1 Armour
 + Level 5.0 Shields
 + Level 1.8 Translocations


You had 4 spell levels left.
You didn't know any spells.
Your spell library was empty.

Dungeon Overview and Level Annotations

Branches:
Dungeon (2/15)

Altars:


Innate Abilities, Weirdness & Mutations

You cannot be hasted, slowed, berserked, paralysed or teleported.
You can dig through walls and to a lower floor.
You have a pair of large antennae on your head. (SInv)
Your four strong arms can wield two-handed weapons with a shield.


Message History

* * * LOW HITPOINT WARNING * * *
You hit the goblin but do no damage. You block the goblin's attack.
You hit the goblin.
You kill the goblin!
Things that are here:
a +0 dagger; a +0 sling
l - an amulet of magic regeneration You start putting on your amulet.
You continue putting on your amulet of magic regeneration. x5
You finish putting on your amulet of magic regeneration.
l - an amulet of magic regeneration (around neck)
You sense a monster nearby.
A gnoll comes into view. It is wielding a +0 whip.
You are too injured to fight recklessly!
You are too injured to fight recklessly!
The gnoll shouts!
A gnoll comes into view. It is wielding a +0 club.
The gnoll shouts!
You slash the gnoll!
You kill the gnoll!
Your Shields skill increases to level 5!
Things that are here:
a +0 whip; a gnoll corpse The gnoll hits you but does no damage.
You closely miss the gnoll.
The gnoll hits you but does no damage. x2
You closely miss the gnoll. The gnoll hits you with a +0 club.
* * * LOW HITPOINT WARNING * * *
You completely miss the gnoll. The gnoll hits you with a +0 club.
* * * LOW HITPOINT WARNING * * *
You slash the gnoll!
The gnoll is severely wounded.
The gnoll hits you but does no damage. The gnoll hits you with a +0 club.
* * * LOW HITPOINT WARNING * * *
You hit the gnoll.
The gnoll is almost dead.
The gnoll misses you.
You barely miss the gnoll.
The gnoll is almost dead.
You block the gnoll's attack. The gnoll hits you with a +0 club.
You die...

..... .... # ... +##
. .. .. ####.#. .#
##### #....#.#)#
.... #?###....# ..#
#.......#######..# .
#######)#.g@)....#
#..####.)...######.#
# #....†.###.# # #
#####..# #.(. #
####..# ###... ####
#...#.## .##.# ...#
#.#.#..# . . ##.#
#.#.#..##.#### ##.#
#.#.#........


You could see a gnoll.

Vanquished Creatures
  Natasha (D:2)
  3 gnolls (D:2)
  3 adders (D:2)
  A dart slug (D:2)
  3 endoplasms
  2 giant cockroaches
  4 goblins
  3 hobgoblins (D:1)
  4 quokkas
  2 ball pythons (D:1)
  3 bats (D:1)
  2 rats (D:1)
31 creatures vanquished.

Notes
Turn   | Place    | Note
-------+----------+-------------------------------------------
     0 | D:1      | Descartes the Formicid Fighter began the quest for the Orb.
     0 | D:1      | Reached XP level 1. HP: 18/18 MP: 1/1
   223 | D:1      | Reached XP level 2. HP: 23/24 MP: 2/2
  1182 | D:1      | Found a faded altar of an unknown god.
  1418 | D:2      | Reached skill level 1 in Translocations
  1418 | D:2      | Reached XP level 3. HP: 24/29 MP: 3/3
  1530 | D:2      | Noticed Natasha
  1540 | D:2      | Killed Natasha
  1541 | D:2      | Reached XP level 4. HP: 22/35 MP: 4/4
  1841 | D:2      | Reached XP level 5. HP: 10/41 MP: 5/5
  1893 | D:2      | Reached skill level 5 in Shields
  1900 | D:2      | Slain by a gnoll

Illustrated notes

Levels and vault maps discovered:
D:1:      sevenhm_arrival_forest_fort_large_2, layout_basic,
          chequers_ecumenical_altar_lobes
D:2:      layout_basic, uniq_robin, uniq_natasha

Skill      XL: |  1  2  3  4  5 |
---------------+----------------+-----
Translocations | 1 |  1.8
Armour         | 4 |  4.1
Shields        | 5 |  5.0
Fighting       | |  3.2
Axes           | |  2.9

Action                   |  1- 3 |  4- 6 || total
-------------------------+-------+-------++-------
Melee: War axe           |    58 |    35 ||    93
Armor: Scale mail        |    25 |    11 ||    36
Dodge: Dodged            |    27 |    16 ||    43
Block: Buckler           |    12 |     7 ||    19
